Map: Dusk Towers

Players

pressure - Winner!

  • Race: Protoss Protoss
  • League: Master

Miszu

  • Race: Protoss Protoss
  • League: Master

VOD

Have the link to the VOD?

Description

Time

  • Played on: June 26, 2016, 8:45 a.m.
  • Length: 4:34
Show
View Real Time Build Order
Export as new Build Order

pressure Protoss - Winner!

Build Orders: Oracle Opening, Phoenix Opening 

Get SALT Encoding   

  12  0:01  Probe (Chrono Boost)  
  13  0:11  Probe (Chrono Boost)  
  14  0:18  Pylon  
  14  0:22  Probe (Chrono Boost)  
  15  0:36  Probe (Chrono Boost)  
  15  0:41  Gateway  
  16  0:47  Assimilator, Probe (Chrono Boost)  
  17  0:57  Probe (Chrono Boost)  
  18  1:04  Gateway  
  18  1:08  Probe (Chrono Boost)  
  18  1:10  Assimilator  
  19  1:19  Probe (Chrono Boost)  
  20  1:29  Cybernetics Core, Probe (Chrono Boost)  
  22  1:40  Pylon, Probe (Chrono Boost)  
  22  1:50  Probe (Chrono Boost)  
  23  2:01  Probe (Chrono Boost)  
  24  2:06  Adept x2  
  24  2:07  Warp Gate  
  28  2:16  Pylon  
  28  2:21  Stargate  
  28  2:34  Mothership Core (Chrono Boost)  
  30  2:42  Stalker  
  32  2:51  Pylon  
  32  2:52  Probe (Chrono Boost)  
  33  3:02  Probe (Chrono Boost)  
  34  3:10  Oracle (Chrono Boost)  
  36  3:32  Stalker  
  34  3:41  Nexus  
  34  3:42  Pylon  
  34  3:43  Probe  
  37  3:48  Phoenix (Chrono Boost)  
  37  3:55  Probe  
  38  4:05  Pylon  
  38  4:07  Probe  
  38  4:09  Sentry  
  41  4:19  Probe  
  42  4:26  Adept  
Show
View Real Time Build Order
Export as new Build Order

Miszu Protoss 

Build Orders:  

Get SALT Encoding   

  12  0:03  Probe (Chrono Boost)  
  14  0:14  Probe (Chrono Boost)  
  14  0:17  Pylon  
  14  0:25  Probe (Chrono Boost)  
  15  0:36  Probe (Chrono Boost)  
  15  0:39  Gateway  
  16  0:46  Probe (Chrono Boost)  
  16  0:47  Assimilator  
  18  0:57  Probe (Chrono Boost)  
  18  1:02  Assimilator  
  18  1:07  Gateway  
  18  1:10  Probe (Chrono Boost)  
  19  1:20  Probe (Chrono Boost)  
  20  1:27  Cybernetics Core  
  20  1:31  Probe (Chrono Boost)  
  21  1:41  Probe (Chrono Boost)  
  21  1:46  Pylon  
  22  1:52  Probe (Chrono Boost)  
  23  2:03  Warp Gate (Chrono Boost)  
  23  2:04  Stalker x2  
  27  2:09  Mothership Core (Chrono Boost)  
  29  2:16  Pylon  
  29  2:34  Stalker x2  
  33  3:03  Pylon  
  33  3:04  Stalker x2  
  36  3:33  Probe  
  33  3:45  Probe  
  34  3:53  Nexus  
  34  3:56  Stalker  
  34  3:57  Stalker, Probe  
  39  4:09  Probe  
  40  4:11  Pylon  
  40  4:15  Robotics Facility  
  40  4:21  Probe  
Tags
 
Add a new tag
Caveats
  • Supply blocks, unpowered buildings, or Contaminate may cause inaccurate times.
  • Supply counts are checked every 10 seconds.